SA
MANCELONA TORCH @ NIAGARA FALLS EXPOS
08/29/2026
 
TOP OF THE 1ST
Mancelona Torch batting - Pitching for Niagara Falls Expos : LHP Ramón Cerrillo
Pitching: LHP Ramón Cerrillo
Batting: LHB José Hernández 0-0: Called Strike
0-1: Ball
1-1: SINGLE (Line Drive, 7LS)
Batting: RHB Blake Snow 0-0: Ball
1-0: Foul Ball, location: 2F
1-1: Ball
2-1: Foul Ball, location: 2F
2-2: Ball
José Hernández steals 2nd base
3-2: Strikes out looking
Batting: RHB Todd Sentell 0-0: Ball
1-0: Ball
2-0: Ball
3-0: Base on Balls
Batting: LHB José Valéncia 0-0: Called Strike
José Hernández steals 3rd base
Todd Sentell to second
0-1: Called Strike
0-2: Ball
1-2: Ball
2-2: Ball
3-2: Ground out 1-3 (Groundball, 13)
Batting: RHB José Córdova 0-0: Ball
1-0: Called Strike
1-1: Called Strike
1-2: Strikes out swinging
Top of the 1st over - 0 run(s), 1 hit(s), 0 error(s), 2 left on base; Mancelona 0 - Niagara Falls 0
BOTTOM OF THE 1ST
Niagara Falls Expos batting - Pitching for Mancelona Torch : RHP Martín Aguilar
Pitching: RHP Martín Aguilar
Batting: RHB Roberto Camacho 0-0: Called Strike
0-1: Ball
1-1: Ball
2-1: Ball
3-1: Base on Balls
Batting: LHB Mark Armstead 0-0: Ball
1-0: Called Strike
1-1: Grounds into double play, 6-4-3 (Groundball, 6)
Batting: RHB Edgardo Castro 0-0: Ball
1-0: Called Strike
1-1: Foul Ball, location: 2F
1-2: Foul Ball, location: 2F
1-2: Strikes out looking
Bottom of the 1st over - 0 run(s), 0 hit(s), 0 error(s), 0 left on base; Mancelona 0 - Niagara Falls 0
TOP OF THE 2ND
Mancelona Torch batting - Pitching for Niagara Falls Expos : LHP Ramón Cerrillo
Batting: LHB Jorge Morín 0-0: Swinging Strike
0-1: Swinging Strike
0-2: Strikes out swinging
Batting: RHB Kyle Vandenbrink 0-0: Called Strike
0-1: Foul Ball, location: 2F
0-2: Strikes out swinging
Batting: RHB Bob Mager 0-0: Foul Ball, location: 2F
0-1: Ground out 6-3 (Groundball, 6)
Top of the 2nd over - 0 run(s), 0 hit(s), 0 error(s), 0 left on base; Mancelona 0 - Niagara Falls 0
BOTTOM OF THE 2ND
Niagara Falls Expos batting - Pitching for Mancelona Torch : RHP Martín Aguilar
Batting: RHB Mario Germán 0-0: Called Strike
0-1: Ball
1-1: Foul Ball, location: 2F
1-2: Ball
2-2: Strikes out swinging
Batting: LHB Carlos Germán 0-0: Ball
1-0: Ball
2-0: Ball
3-0: Called Strike
3-1: Foul Ball, location: 2F
3-2: Foul Ball, location: 2F
3-2: Base on Balls
Batting: RHB Damien Medforth 0-0: Called Strike
0-1: Swinging Strike
0-2: Ball
1-2: Strikes out swinging
Batting: RHB Justin Smelter 0-0: Ball
Carlos Germán is caught stealing 2nd base
Bottom of the 2nd over - 0 run(s), 0 hit(s), 0 error(s), 0 left on base; Mancelona 0 - Niagara Falls 0
TOP OF THE 3RD
Mancelona Torch batting - Pitching for Niagara Falls Expos : LHP Ramón Cerrillo
Batting: LHB Yataro Matsuura 0-0: Ball
1-0: Called Strike
1-1: Ball
2-1: Swinging Strike
2-2: Foul Ball, location: 2F
2-2: Ball
3-2: Strikes out swinging
Pitching: LHP Jorge Alarcon
Batting: LHB José Hernández 0-0: Ball
1-0: Ground out 4-3 (Groundball, 4)
Batting: RHB Blake Snow 0-0: Ball
1-0: Foul Ball, location: 2F
1-1: Ball
2-1: Foul Ball, location: 2F
2-2: Foul Ball, location: 2F
2-2: Foul Ball, location: 2F
2-2: Foul Ball, location: 2F
2-2: Foul Ball, location: 2F
2-2: Ball
3-2: Foul Ball, location: 2F
3-2: Strikes out swinging
Top of the 3rd over - 0 run(s), 0 hit(s), 0 error(s), 0 left on base; Mancelona 0 - Niagara Falls 0
BOTTOM OF THE 3RD
Niagara Falls Expos batting - Pitching for Mancelona Torch : RHP Martín Aguilar
Batting: RHB Justin Smelter 0-0: Swinging Strike
0-1: Ground out 4-3 (Groundball, 4)
Batting: RHB Hou Kong 0-0: Fly out, F7 (Line Drive, 7)
Batting: RHB Jim Unknown 0-0: Called Strike
0-1: Foul Ball, location: 2F
0-2: Ball
1-2: Foul Ball, location: 2F
1-2: Foul Ball, location: 2F
1-2: Strikes out swinging
Bottom of the 3rd over - 0 run(s), 0 hit(s), 0 error(s), 0 left on base; Mancelona 0 - Niagara Falls 0
TOP OF THE 4TH
Mancelona Torch batting - Pitching for Niagara Falls Expos : LHP Jorge Alarcon
Batting: RHB Todd Sentell 0-0: Ball
1-0: Foul Ball, location: 2F
1-1: Called Strike
1-2: Fly out, F7 (Flyball, 7)
Batting: LHB José Valéncia 0-0: Called Strike
0-1: Foul Ball, location: 2F
0-2: Ball
1-2: Ground out U3 (Groundball, 34)
Batting: RHB José Córdova 0-0: Called Strike
0-1: Ball
1-1: Ball
2-1: Foul Ball, location: 2F
2-2: Foul Ball, location: 2F
2-2: Strikes out swinging
Top of the 4th over - 0 run(s), 0 hit(s), 0 error(s), 0 left on base; Mancelona 0 - Niagara Falls 0
BOTTOM OF THE 4TH
Niagara Falls Expos batting - Pitching for Mancelona Torch : RHP Martín Aguilar
Batting: RHB Roberto Camacho 0-0: Foul Ball, location: 2F
0-1: Swinging Strike
0-2: Ball
1-2: Foul Ball, location: 2F
1-2: Foul Ball, location: 2F
1-2: Strikes out swinging
Batting: LHB Mark Armstead 0-0: Ball
1-0: SINGLE (Groundball, 3D)
Batting: RHB Edgardo Castro 0-0: Swinging Strike
0-1: Ball
1-1: Ball
2-1: Ball
3-1: SINGLE (Line Drive, 4MD)
Mark Armstead to second
Batting: RHB Mario Germán 0-0: Ball
1-0: Called Strike
1-1: Ball
2-1: Ground out 5-3 (Groundball, 56S)
Mark Armstead to third
Edgardo Castro to second
Batting: LHB Carlos Germán 0-0: Foul Ball, location: 2F
0-1: Foul Ball, location: 2F
0-2: Ball
1-2: Ball
2-2: Strikes out swinging
Bottom of the 4th over - 0 run(s), 2 hit(s), 0 error(s), 2 left on base; Mancelona 0 - Niagara Falls 0
TOP OF THE 5TH
Mancelona Torch batting - Pitching for Niagara Falls Expos : LHP Jorge Alarcon
Batting: LHB Jorge Morín 0-0: Ball
1-0: Called Strike
1-1: SINGLE (Groundball, 6MD)
Batting: RHB Kyle Vandenbrink 0-0: Ball
1-0: Sac Bunt - play at second, runner safe!
Batting: RHB Bob Mager 0-0: Bunted foul
0-1: Ball
1-1: Ball
2-1: Ball
3-1: Bunted foul
3-2: Base on Balls
Jorge Morín to third
Kyle Vandenbrink to second
Batting: LHB Yataro Matsuura 0-0: Ball
1-0: Called Strike
1-1: Ball
2-1: Ball
3-1: Grounds into double play, 4-6-3 (Groundball, 4D)
Jorge Morín scores
Kyle Vandenbrink to third
Batting: LHB José Hernández 0-0: Called Strike
0-1: Foul Ball, location: 2F
0-2: Strikes out swinging
Top of the 5th over - 1 run(s), 1 hit(s), 0 error(s), 1 left on base; Mancelona 1 - Niagara Falls 0
BOTTOM OF THE 5TH
Niagara Falls Expos batting - Pitching for Mancelona Torch : RHP Martín Aguilar
Batting: RHB Damien Medforth 0-0: Reached via error on a dropped throw, E3
Batting: RHB Justin Smelter 0-0: Bunted foul
0-1: Sac Bunt - play at first, batter OUT! 1-4
Damien Medforth to second
Batting: RHB Hou Kong 0-0: SINGLE (Groundball, 4D)
Damien Medforth to third
Batting: RHB Jim Unknown 0-0: Called Strike
0-1: Ball
1-1: Ball
2-1: Ball
3-1: Swinging Strike
3-2: Fly out, F7 (Flyball, 78M)
Runner from 3rd tags up, SCORES, no throw
Batting: RHB Roberto Camacho 0-0: SINGLE (Groundball, 6M) (infield hit)
Hou Kong to second
Batting: LHB Mark Armstead 0-0: Foul Ball, location: 2F
0-1: Foul Ball, location: 2F
0-2: Strikes out swinging
Bottom of the 5th over - 1 run(s), 2 hit(s), 1 error(s), 2 left on base; Mancelona 1 - Niagara Falls 1
TOP OF THE 6TH
Mancelona Torch batting - Pitching for Niagara Falls Expos : LHP Jorge Alarcon
Batting: RHB Blake Snow 0-0: Swinging Strike
0-1: Ball
1-1: Fly out, F8 (Flyball, 78M)
Batting: RHB Todd Sentell 0-0: Foul Ball, location: 2F
0-1: Foul Ball, location: 2F
0-2: Ground out 4-3 (Groundball, 4)
Pitching: LHP Mike Brandner
Batting: LHB José Valéncia 0-0: Called Strike
0-1: Ground out 3-1 (Groundball, 3S)
Top of the 6th over - 0 run(s), 0 hit(s), 0 error(s), 0 left on base; Mancelona 1 - Niagara Falls 1
BOTTOM OF THE 6TH
Niagara Falls Expos batting - Pitching for Mancelona Torch : RHP Martín Aguilar
Batting: RHB Edgardo Castro 0-0: Ball
1-0: Called Strike
1-1: Ball
2-1: Swinging Strike
2-2: Foul Ball, location: 2F
2-2: Strikes out looking
Pitching: RHP Rhett Abbott
Batting: RHB Mario Germán 0-0: Ball
1-0: Ball
2-0: Called Strike
2-1: Fly out, F8 (Flyball, 8LD)
Batting: LHB Carlos Germán 0-0: Called Strike
0-1: Ball
1-1: Swinging Strike
1-2: Foul Ball, location: 2F
1-2: Ball
2-2: Ball
3-2: Foul Ball, location: 2F
3-2: Base on Balls
Batting: RHB Damien Medforth 0-0: Ball
1-0: Ball
2-0: Fielders Choice at 2nd, 6-4 (Groundball, 6)
Bottom of the 6th over - 0 run(s), 0 hit(s), 0 error(s), 0 left on base; Mancelona 1 - Niagara Falls 1
TOP OF THE 7TH
Mancelona Torch batting - Pitching for Niagara Falls Expos : LHP Mike Brandner
Batting: RHB José Córdova 0-0: Ball
1-0: Called Strike
1-1: Ball
2-1: SINGLE (Line Drive, 4M)
Batting: LHB Jorge Morín 0-0: Ball
1-0: Swinging Strike
1-1: Sac Bunt - play at first, batter OUT! 5-3
José Córdova to second
Batting: RHB Kyle Vandenbrink 0-0: Intentional Walk
Batting: RHB Bob Mager 0-0: Ball
1-0: Foul Ball, location: 2F
1-1: Ball
2-1: SINGLE (Flyball, 78S)
José Córdova to third
Kyle Vandenbrink to second
Runner from 3rd tries for Home, SAFE, no throw
Pinch Hitting: RHB Juan Hernández 0-0: Called Strike
0-1: Called Strike
0-2: Ball
1-2: Ball
2-2: Grounds into double play, 6-4-3 (Groundball, 6)
Top of the 7th over - 1 run(s), 2 hit(s), 0 error(s), 1 left on base; Mancelona 2 - Niagara Falls 1
BOTTOM OF THE 7TH
Niagara Falls Expos batting - Pitching for Mancelona Torch : RHP Rhett Abbott
Now at 2B: Juan Hernández
Batting: RHB Justin Smelter 0-0: Fly out, F7 (Flyball, 7)
Batting: RHB Hou Kong 0-0: Ball
1-0: Ball
2-0: Foul Ball, location: 2F
2-1: Swinging Strike
2-2: Foul Ball, location: 2F
2-2: Foul Ball, location: 2F
2-2: Strikes out swinging
Batting: RHB Jim Unknown 0-0: Ball
1-0: Called Strike
1-1: Ball
2-1: Foul Ball, location: 2F
2-2: Fly out, F9 (Flyball, 9)
Bottom of the 7th over - 0 run(s), 0 hit(s), 0 error(s), 0 left on base; Mancelona 2 - Niagara Falls 1
TOP OF THE 8TH
Mancelona Torch batting - Pitching for Niagara Falls Expos : LHP Mike Brandner
Batting: LHB José Hernández 0-0: Ball
1-0: Swinging Strike
1-1: Foul Ball, location: 2F
1-2: Ball
2-2: Ball
3-2: Hit by Pitch
Batting: RHB Blake Snow 0-0: Ball
1-0: Ball
2-0: Sac Bunt - play at first, batter OUT! 5-4
José Hernández to second
Batting: RHB Todd Sentell 0-0: Intentional Walk
Batting: LHB José Valéncia 0-0: Ball
1-0: Ball
2-0: SINGLE (Groundball, 3D)
José Hernández to third
Todd Sentell to second
Batting: RHB José Córdova 0-0: Ball
1-0: Called Strike
1-1: Ball
2-1: SINGLE (Line Drive, 56)
José Hernández scores
Todd Sentell to third
José Valéncia to second
Runner from 3rd tries for Home, SAFE, no throw
Pitching: LHP Terence Pasamonte
Batting: LHB Jorge Morín 0-0: Ball
1-0: Foul Ball, location: 2F
1-1: Swinging Strike
1-2: Strikes out looking
Batting: RHB Kyle Vandenbrink 0-0: Ball
1-0: Ball
2-0: Foul Ball, location: 2F
2-1: Called Strike
2-2: Fly out, F8 (Flyball, 8LD)
Top of the 8th over - 2 run(s), 2 hit(s), 0 error(s), 2 left on base; Mancelona 4 - Niagara Falls 1
BOTTOM OF THE 8TH
Niagara Falls Expos batting - Pitching for Mancelona Torch : RHP Rhett Abbott
Batting: RHB Roberto Camacho 0-0: Called Strike
0-1: Swinging Strike
0-2: Ball
1-2: Ball
2-2: Ball
3-2: Foul Ball, location: 2F
3-2: Base on Balls
Pitching: RHP Tony Ruíz
Batting: LHB Mark Armstead 0-0: Ball
1-0: Called Strike
1-1: Called Strike
1-2: Strikes out swinging
Batting: RHB Edgardo Castro 0-0: Ball
1-0: Ball
2-0: Ball
3-0: Base on Balls
Roberto Camacho to second
Batting: RHB Mario Germán 0-0: Called Strike
0-1: Swinging Strike
0-2: Foul Ball, location: 2F
0-2: Strikes out swinging
Pitching: LHP Ramiro Elizondo
Batting: LHB Carlos Germán 0-0: Called Strike
0-1: SINGLE (Flyball, 78S)
Roberto Camacho to third
Edgardo Castro to second
Runner from 3rd tries for Home, SAFE, no throw
Pitching: RHP John Castle
Pinch Hitting: SHB Juan Carlos Santos 0-0: Ball
1-0: Called Strike
1-1: Ball
2-1: Foul Ball, location: 2F
2-2: Strikes out swinging
Bottom of the 8th over - 1 run(s), 1 hit(s), 0 error(s), 2 left on base; Mancelona 4 - Niagara Falls 2
TOP OF THE 9TH
Mancelona Torch batting - Pitching for Niagara Falls Expos : LHP Terence Pasamonte
Now in LF: Juan Carlos Santos
Batting: RHB Bob Mager 0-0: Called Strike
0-1: Foul Ball, location: 2F
0-2: Strikes out swinging
Batting: RHB Juan Hernández 0-0: Called Strike
0-1: Foul Ball, location: 2F
0-2: Ball
1-2: Ball
2-2: Strikes out swinging
Batting: LHB José Hernández 0-0: Ball
1-0: SINGLE (Line Drive, 8RS)
Batting: RHB Blake Snow 0-0: Ball
1-0: Swinging Strike
1-1: Ball
2-1: Fielders Choice at 2nd, 6-4 (Groundball, 6)
Top of the 9th over - 0 run(s), 1 hit(s), 0 error(s), 0 left on base; Mancelona 4 - Niagara Falls 2
BOTTOM OF THE 9TH
Niagara Falls Expos batting - Pitching for Mancelona Torch : RHP John Castle
Pitching: RHP Ken Lloyd
Batting: RHB Justin Smelter 0-0: Ball
1-0: Called Strike
1-1: Swinging Strike
1-2: Fly out, F9 (Flyball, 9S)
Batting: RHB Hou Kong 0-0: Swinging Strike
0-1: Called Strike
0-2: Strikes out looking
Batting: RHB Jim Unknown 0-0: Ball
1-0: Fly out, F8 (Flyball, 89M)
Bottom of the 9th over - 0 run(s), 0 hit(s), 0 error(s), 0 left on base; Mancelona 4 - Niagara Falls 2
Monday, March 20th, 2017 - OOTP Baseball 17.12 Build 75